 Dungeon Crawl Stone Soup version 0.20-a0-513-g02c11fc (webtiles) character file.

29 Kaname the Vexing (level 3, 23/24 HPs)
             Began as a Demonspawn Enchanter on Jan 23, 2017.
             Quit the game on level 2 of the Dungeon.
             The game lasted 00:02:56 (1308 turns).

Kaname the Vexing (Demonspawn Enchanter)            Turns: 1308, Time: 00:02:56

Health: 23/24      AC:  3    Str:  8    XL:     3   Next: 1%
Magic:  6/6        EV: 12    Int: 17    God:
Gold:   33         SH:  0    Dex: 13    Spells: 3/6 levels left

rFire    + . .     SeeInvis .   j - +2 dagger (speed)
rCold    . . .     Gourm    .   b - +0 robe
rNeg     . . .     Faith    .   (no shield)
rPois    .         Spirit   .   (no helmet)
rElec    .         Reflect  .   (no cloak)
rCorr    .         Harm     .   (no gloves)
MR       .....                  g - +0 pair of boots
Stlth    ++........             (no amulet)
Regen    0.1/turn               (no ring)
                                (no ring)

@: no status effects
A: fire resistance 1, sanguine armour 1
a: no special abilities


You were on level 2 of the Dungeon.
You were not hungry.

You visited 1 branch of the dungeon, and saw 2 of its levels.

You collected 33 gold pieces.

Inventory:

Hand Weapons
 j - a +2 dagger of speed (weapon)
Armour
 b - a +0 robe (worn)
 g - a +0 pair of boots (worn)
Scrolls
 e - 3 scrolls of enchant weapon {unknown}
 h - 2 scrolls of fog {unknown}
 i - 2 scrolls of amnesia {unknown}
Potions
 a - a potion of mutation {unknown}
 l - a potion of haste {unknown}
Books
 c - a book of Maledictions

   Spells                             Type                      Level
   a - Corona                         Hexes                        1
   b - Ensorcelled Hibernation        Hexes/Ice                    2
   c - Confuse                        Hexes                        3
   d - Tukima's Dance                 Hexes                        3
   e - Dazzling Spray                 Conjuration/Hexes            3
Comestibles
 d - a bread ration
 f - 4 fruits
 k - a royal jelly
 m - 2 chunks of flesh


   Skills:
 - Level 2.0 Short Blades
 - Level 1.7 Dodging
 - Level 3.0 Stealth
 - Level 2.0 Spellcasting
 - Level 3.0 Hexes
 + Level 1.0 Ice Magic


You had 3 spell levels left.
You knew the following spells:

 Your Spells              Type           Power        Failure   Level  Hunger
a - Corona                Hex            ##.....      6%          1    #......
b - Ensorcelled Hibernat  Hex/Ice        #.....       14%         2    ###....


Dungeon Overview and Level Annotations

Branches:
Dungeon (2/15)

Altars:


Innate Abilities, Weirdness & Mutations

Your flesh is heat resistant. (rF+)
When seriously injured, your bleeding wounds create armour. (AC +0)


Message History

You barely miss the bat. The bat closely misses you.
You hit the rat.
You kill the rat!
The bat hits you.
You hit the bat.
The bat is heavily wounded.
The bat completely misses you.
The jackal barks!
The bat hits you but does no damage.
Found a scroll labeled IJOTUU TAWYGH.
A goblin and a kobold come into view.
The kobold shouts!
The goblin shouts!
You hit the bat.
You kill the bat!
You have reached level 3!
Your experience leads to an increase in your attributes!
Increase (S)trength, (I)ntelligence, or (D)exterity?
You feel clever.
Your demonic ancestry asserts itself...
You feel your blood ready itself to protect you.
Are you sure you want to abandon this character and quit the game? (Confirm with "yes".)

#......#.#..
...###....### .
..#.....#####
.. ..##....#
#... ..?
#......## #...#
.... #...)..
......
.....###.......
##..##
#..K.<....# ...
#....@...## ...
##......##
#......#
#...h....
g.....h.###
#...##.... #...
#.#..# ....
..#...


You could see 2 jackals, a goblin and a kobold.

Vanquished Creatures
  A worm (D:2)
  4 giant cockroaches
  3 goblins (D:1)
  A hobgoblin (D:2)
  2 jackals (D:1)
  2 ball pythons (D:1)
  3 bats
  4 kobolds
  4 rats
24 creatures vanquished.

Notes
Turn   | Place    | Note
-------+----------+-------------------------------------------
     0 | D:1      | Kaname the Demonspawn Enchanter began the quest for the Orb.
     0 | D:1      | Reached XP level 1. HP: 13/13 MP: 3/3
    27 | D:1      | Reached skill level 1 in Short Blades
   368 | D:1      | Gained mutation: Your flesh is heat resistant. (rF+) [demonic ancestry]
   368 | D:1      | Reached XP level 2. HP: 19/19 MP: 5/5
   403 | D:1      | Learned a level 2 spell: Ensorcelled Hibernation
  1111 | D:2      | Reached skill level 1 in Ice Magic
  1307 | D:2      | Gained mutation: When seriously injured, your bleeding wounds create armour. (AC +0) [demonic ancestry]
  1307 | D:2      | Reached XP level 3. HP: 23/24 MP: 6/6
  1308 | D:2      | Quit the game

Vault maps used:
D:1:      dpeg_arrival_tiny_f
D:2:      kennysheep_goblin_castle, hangedman_ru_absence

Skill      XL: |  1  2 |
---------------+-------+-----
Short Blades   | 1 2 |  2.0
Stealth        | 3 |  3.0
Ice Magic      | 1 |  1.0
Dodging        | |  1.7
Spellcasting   | |  2.0
Hexes          | |  3.0

Action                   || total
-------------------------++-------
Melee: Dagger            ||    91
 Cast: Corona            ||     4
       Ensorcelled Hiber ||     1
 Stab: Sleeping          ||     6
  Eat: Chunk             ||     1
Armor: Robe              ||    16
Dodge: Dodged            ||    47
